 Dungeon Crawl Stone Soup version 0.32-a0-960-g3814254bd7 (webtiles) character file.

Game seed: 15860528371355193534

480 Autsider the Sneak (level 6, -4/44 HPs)
             Began as a Vampire Enchanter on Apr 17, 2024.
             Slain by a killer bee (7 damage)
             ... on level 3 of the Dungeon.
             The game lasted 00:09:47 (2355 turns).

Autsider the Sneak (Vampire Enchanter)              Turns: 2355, Time: 00:09:47

Health: -4/44      AC:  4    Str:  7    XL:     6   Next: 86%
Magic:  1/9        EV: 12    Int: 20    God:
Gold:   223        SH:  0    Dex: 14    Spells: 1/9 levels left

rFire   . . .        w - +1 dagger (venom)
rCold   . . .        (no shield)
rNeg    . . .        b - +0 robe
rPois   .            g - +0 helmet
rElec   .            e - +0 cloak
rCorr   .            (no gloves)
SInv    +            (no boots)
Will    .....        (no amulet)
Stlth   +++          (no ring)
HPRegen 0.47/turn    (no ring)
MPRegen 0.11/turn

%: no passive effects
@: lethally poisoned (-4 -> -9), healing quickly
A: alive, fangs 3, see invisible, vampiric 2
a: Exsanguinate


You were on level 3 of the Dungeon.
You visited 1 branch of the dungeon, and saw 4 of its levels.

You collected 223 gold pieces.

Inventory:

Hand Weapons
 a - a +1 dagger
 l - a +0 quick blade
 w - a +1 dagger of venom (weapon)
Missiles
 m - 4 poisoned darts (quivered)
Armour
 b - a +0 robe (worn)
 e - a +0 cloak (worn)
 g - a +0 helmet (worn)
 o - a +0 kite shield
Jewellery
 k - a +4 ring of protection
Wands
 u - a wand of paralysis (5)
Scrolls
 f - a scroll of poison {unknown}
 n - a scroll of acquirement {unknown}
 s - a scroll of amnesia {unknown}
 v - a scroll of noise {unknown}
Potions
 c - 2 potions of invisibility
 h - a potion of curing {unknown}
 i - a potion of enlightenment
 j - a potion of lignification {unknown}
 q - a potion of mutation {unknown}
 r - a potion of degeneration {unknown}


   Skills:
 + Level 2.1 Fighting
 + Level 2.9 Short Blades
 * Level 4.6 Dodging
 + Level 6.3 Stealth
 - Level 2.0 Spellcasting
 - Level 5.0 Hexes
 + Level 3.2 Ice Magic


You had one spell level left.
You knew the following spells:

 Your Spells              Type           Power      Damage    Failure   Level
a - Ensorcelled Hibernat  Hex/Ice        36%        N/A       4%          2
b - Confusing Touch       Hex            22%        N/A       6%          3
c - Tukima's Dance        Hex            22%        N/A       6%          3

Your spell library contained the following spells:

 Spells                   Type           Power      Damage    Failure   Level
 Dazzling Flash           Conj/Hex       24%        N/A       17%         3
 Blink                    Tloc           4%         N/A       24%         2
 Lesser Beckoning         Tloc           4%         N/A       24%         2
 Momentum Strike          Conj/Tloc      4%         3d8       24%         2
 Summon Ice Beast         Ice/Summ       8%         N/A       24%         3
 Summon Mana Viper        Hex/Summ       12%        N/A       83%         5
 Monstrous Menagerie      Summ           1%         N/A       100%        7


Dungeon Overview and Level Annotations

Branches:
Dungeon (4/15)
 Temple: D:4-7

Altars:

Shops:
D:2 *

Annotations:
D:3 exclusion: downstairs


Innate Abilities, Weirdness & Mutations

Your natural rate of healing is accelerated.
You have razor-sharp teeth.
You have supernaturally acute eyesight. (SInv)
You are afflicted with vampirism and can become a bat while bloodless.


Message History

The killer bee stings you.
You miss the killer bee.
You feel sick. The killer bee closely misses you.
You miss the killer bee.
You feel sick. The killer bee barely misses you. The killer bee misses you.
You miss the killer bee.
You feel sick. The killer bee closely misses you. The killer bee stings you.
You barely miss the killer bee.
You bite the killer bee, but do no damage.
You feel sick.
You are no longer poisoned.
The killer bee stings you!
* * * LOW HITPOINT WARNING * * *
You are poisoned.
The killer bee poisons you!
The killer bee stings you but does no damage.
You closely miss the killer bee. Your bite misses the killer bee.
You feel sick. The killer bee stings you.
* * * LOW HITPOINT WARNING * * *
You are more poisoned.
The killer bee poisons you!
As you read the scroll of summoning, it crumbles to dust.
Wisps of shadow whirl around you...
You feel sick. The killer bee stings you.
* * * LOW HITPOINT WARNING * * *
You are lethally poisoned!
The killer bee poisons you! The killer bee closely misses you.
* * * LOW HITPOINT WARNING * * *
You feel very sick. The killer bee stings your kobold!
Your kobold dies!
Your kobold's corpse dissolves into shadows!
* * * LOW HITPOINT WARNING * * *
You feel sick. The killer bee stings your hobgoblin!
Your hobgoblin dies!
Your hobgoblin's corpse dissolves into shadows!
You barely miss the killer bee.
* * * LOW HITPOINT WARNING * * *
You feel sick. The killer bee stings you.
* * * LOW HITPOINT WARNING * * *
The killer bee stings you!
You die...

#### ...# ##.#
...#########
...........#
.#.#######.#
.#.......#.#######
.#.#####.........#
.#.# #...#####@#
.#.# #...# #y#
...### #...# #g#
#....###...# #.#
....†......# #.###
##.........# #...#
#..........#
###...###
...........#
#.......#
#.......##.#
#.......#


You could see a killer bee (ally target) and a friendly goblin (summoned).

Vanquished Creatures
  A scorpion (D:3)
  5 killer bees (D:4)
  A bombardier beetle (D:3)
  A hound (D:4)
  5 adders
  A dart slug (D:2)
  6 ribbon worms (D:2)
  An orc (D:2)
  10 endoplasms
  A giant cockroach (D:1)
  7 goblins
  11 hobgoblins
  A quokka (D:1)
  7 ball pythons
  11 bats
  3 frilled lizards
  2 kobolds
  4 rats
78 creatures vanquished.

Vanquished Creatures (collateral kills)
  3 goblins (D:3)
3 creatures vanquished.

Grand Total: 81 creatures vanquished

Notes
Turn   | Place    | Note
-------+----------+-------------------------------------------
     0 | D:1      | Autsider the Vampire Enchanter began the quest for the Orb.
     0 | D:1      | Reached XP level 1. HP: 13/13 MP: 3/3
   110 | D:1      | Reached XP level 2. HP: 18/19 MP: 5/5
   139 | D:1      | Reached skill level 5 in Stealth
   140 | D:1      | Reached skill level 5 in Hexes
   257 | D:1      | Reached skill level 1 in Ice Magic
   507 | D:2      | Learned a level 2 spell: Ensorcelled Hibernation
   580 | D:2      | Gained mutation: You are afflicted with vampirism and can
                  | become a bat while bloodless. [Vampire growth]
   580 | D:2      | Reached XP level 3. HP: 21/24 MP: 6/6
   651 | D:2      | Learned a level 3 spell: Confusing Touch
   717 | D:2      | Found Febrehex's General Store.
   850 | D:2      | Reached XP level 4. HP: 31/31 MP: 1/7
  1304 | D:3      | Noticed a scorpion
  1385 | D:3      | Killed a scorpion
  1386 | D:3      | Reached skill level 1 in Fighting
  1386 | D:3      | Reached XP level 5. HP: 15/37 MP: 0/8
  1887 | D:3      | Learned a level 3 spell: Tukima's Dance
  2323 | D:4      | Reached XP level 6. HP: 41/44 MP: 6/9
  2325 | D:4      | Reached skill level 6 in Stealth
  2355 | D:3      | Slain by a killer bee

Illustrated notes

Levels and vault maps discovered:
D:1:      minmay_arrival_glassed_features, layout_rooms, minmay_split_cup_small
D:2:      layout_rooms, serial_shops, shop, minmay_randomly_rotated_circles
D:3:      kennysheep_the_goblin_king, layout_loops_ring
D:4:      layout_layer_cave, minmay_temple_entry_tees

Skill      XL: |  1  2  3  4  5  6 |
---------------+-------------------+-----
Stealth        | 5 6 |  6.3
Hexes          | 5 |  5.0
Ice Magic      | 1 2 3 |  3.2
Dodging        | 3 4 |  4.6
Fighting       | 1 2 |  2.1
Short Blades   | 2 |  2.9
Spellcasting   | |  2.0

Action                     |  1- 3 |  4- 6 || total
---------------------------+-------+-------++-------
  Melee: Dagger            |   102 |    21 ||   123
         Bite              |    13 |    17 ||    30
         Quick blade       |    19 |   149 ||   168
   Cast: Ensorcelled Hiber |     7 |    19 ||    26
         Confusing Touch   |     1 |     1 ||     2
         Tukima's Dance    |       |     4 ||     4
    Use: Scroll            |       |     5 ||     5
         Potion            |       |     4 ||     4
   Stab: Sleeping          |    16 |    22 ||    38
         Confused          |     2 |       ||     2
         Distracted        |     1 |       ||     1
 Armour: Robe              |    66 |    70 ||   136
  Dodge: Dodged            |    73 |    82 ||   155

Table legend: (Time is in decaauts)
 A = Elapsed time spent in this place.
 B = Non-inter-level travel time spent in this place.
 C = Inter-level travel time spent in this place.
 D = Time resting spent in this place.
 E = Time spent auto-exploring this place.
 F = Levels seen in this place.
 G = Mean time per level.
                   A        B        C        D        E       F      G
               +--------+--------+--------+--------+--------+-----+--------+
         Total |   2358 |   2202 |    156 |    263 |   1207 |   4 |  589.5 |
       Dungeon |   2358 |   2202 |    156 |    263 |   1207 |   4 |  589.5 |
               +--------+--------+--------+--------+--------+-----+--------+

Top non-repeatable levels by time:
     D:3: 1050 daAuts
     D:2: 706 daAuts
     D:1: 499 daAuts
     D:4: 101 daAuts
